 Dungeon Crawl Stone Soup version 0.26-a0-540-g8a0c9464d7 (webtiles) character file.

Game seed: 4201238479760096679

24953 Superazbuka the Peltast (level 12, -4/117 HPs)
             Began as a Deep Dwarf Fighter on Aug 16, 2020.
             Was a High Priest of Makhleb.
             Slain by Saint Roka
             ... wielding a +0 dire flail
              (25 damage)
             ... on level 2 of the Orcish Mines.
             The game lasted 00:27:55 (11242 turns).

Superazbuka the Peltast (Deep Dwarf Fighter)       Turns: 11242, Time: 00:27:56

Health: -4/117     AC: 19    Str: 30    XL:     12   Next: 85%
Magic:  1/1        EV: 10    Int: 10    God:    Makhleb [*****.]
Gold:   1039       SH: 15    Dex: 16    Spells: 11/11 levels left

rFire    x . .     SeeInvis .   K - +4 war axe
rCold    + . .     Faith    .   c - +0 kite shield
rNeg     . . .     Spirit   .   b - +7 scale mail of Giats {*Contam MR++ Dex+4 Stlth+}
rPois    .         Reflect  .   (no helmet)
rElec    .         Harm     .   H - +2 cloak
rCorr    .                      (no gloves)
MR       +++..                  (no boots)
Stlth    +.........             J - amulet of the acrobat
HPRegen  0.00/turn              w - +6 ring of strength
MPRegen  0.07/turn              m - ring of ice

@: mighty, non-regenerating
A: damage resistance, heal wounds, sense surroundings 2, no regeneration
a: Heal Wounds, Minor Destruction, Lesser Servant of Makhleb, Major Destruction,
Greater Servant of Makhleb, Renounce Religion


You were on level 2 of the Orcish Mines.
You worshipped Makhleb.
Makhleb was extremely pleased with you.
You visited 3 branches of the dungeon, and saw 16 of its levels.

You collected 1431 gold pieces.
You spent 392 gold pieces at shops.

Inventory:

Hand Weapons
 K - a +4 war axe (weapon)
Armour
 b - the +7 scale mail of Giats (worn) {*Contam MR++ Dex+4 Stlth+}
   (You bought it in a shop on level 5 of the Dungeon)

   It affects your dexterity (+4).
   It affects your resistance to hostile enchantments.
   It causes magical contamination when unequipped.
   It makes you more stealthy.
 c - a +0 kite shield (worn)
 y - the +5 ring mail "Jupluvi Haom" {rCorr, unknown}
   (You found it on level 9 of the Dungeon)

   It provides partial protection from all sources of acid and corrosion.
 H - a +2 cloak (worn)
Jewellery
 m - a ring of ice (right hand)
 n - an uncursed ring of flight
 w - a +6 ring of strength (left hand)
 J - an amulet of the acrobat (around neck)
Wands
 h - a wand of polymorph (4)
 r - a wand of acid (7)
 F - a wand of iceblast (5)
 G - a wand of digging (5)
Scrolls
 f - 5 scrolls of teleportation
 g - 3 scrolls of vulnerability {unknown}
 i - 2 scrolls of amnesia {unknown}
 j - 2 scrolls of fog
 l - 4 scrolls of fear
 o - 3 scrolls of noise {unknown}
 t - 4 scrolls of magic mapping
 u - 2 scrolls of blinking {unknown}
 A - 2 scrolls of immolation {unknown}
 B - 2 scrolls of enchant armour {unknown}
 L - a scroll of holy word {unknown}
 M - a scroll of enchant weapon {unknown}
 N - a scroll of identify
Potions
 a - a potion of magic {unknown}
 d - a potion of might
 e - a potion of flight {unknown}
 k - 3 potions of cancellation
 p - 5 potions of heal wounds
 q - 3 potions of brilliance
 v - 3 potions of stabbing
 x - a potion of curing
 z - 2 potions of haste
 C - 5 potions of degeneration
 D - 3 potions of ambrosia
 I - a potion of lignification {unknown}


   Skills:
 + Level 10.5 Fighting
 + Level 12.0 Axes
 + Level 12.3 Armour
 - Level 15.0 Shields


You had 11 spell levels left.
You didn't know any spells.
Your spell library contained the following spells:

 Spells                   Type           Power        Failure   Level
 Blink                    Tloc           N/A          69%         2
 Gell's Gravitas          Tloc           #.........   89%         3
 Lesser Beckoning         Tloc           #.........   89%         3
 Teleport Other           Tloc           #.......     89%         3
 Passage of Golubria      Tloc           N/A          100%        4
 Bolt of Magma            Conj/Fire/Erth #.........   100%        5
 Iskenderun's Battlesphe  Conj           #.......     100%        5
 Iron Shot                Conj/Erth      #.........   100%        6
 Orb of Destruction       Conj           #.........   100%        7
 Spellforged Servitor     Conj/Summ      #.........   100%        7


Dungeon Overview and Level Annotations

Branches:
Dungeon (13/15)            Temple (1/1) D:5            Lair (0/6) D:11
    Orc (2/2) D:9             Elf (0/3) Orc:2
 Vaults: D:13-14

Altars:
Ashenzari
Cheibriados
Dithmenos
Elyvilon
Fedhas
Gozag
Hepliaklqana
Kikubaaqudgha
Makhleb
Nemelex Xobeh
Okawaru
Qazlal
Ru
Sif Muna
Trog
Uskayaw
Vehumet
Wu Jian
Xom
Yredelemnul
Zin
The Shining One

Shops:
D:5 !}[:}   D:6 :   D:9 !   Orc:1 *(}

Annotations:
D:4 3 runed translucent doors, Superazbuka's ghost, amateur DDFi
D:6 1 runed translucent door, pk666's ghost, novice DEWz
Orc:2 Blork the orc; Saint Roka


Innate Abilities, Weirdness & Mutations

You are resistant to damage.
You can heal yourself by infusing magical energy.
You passively map the area around you.
You do not regenerate.


Message History

You slice the orc warrior!!
You kill the orc warrior!
Makhleb accepts your kill.
You feel better. Saint Roka hits you but does no damage.
The orc warrior misses you.
You slice the orc wizard!!
You kill the orc wizard!
Makhleb accepts your kill.
You feel better.
You hit Saint Roka.
Saint Roka hits you with a +0 dire flail!
* * * LOW HITPOINT WARNING * * *
You slice Saint Roka!!
Saint Roka is heavily wounded.
The orc warrior barely misses you. You block Saint Roka's attack.
You hit Saint Roka.
Saint Roka is heavily wounded.
The orc warrior hits you from afar with a +0 glaive!
* * * LOW HITPOINT WARNING * * *
Saint Roka hits you with a +0 dire flail!!
You die...

,, ....o.....#...[ , , ,
...............##.... , ,
,...........8..###.## ,,, ,
**.........###### ###. * ,* *,
........ #. ,** , #.....# ## * *
* #.o...# , # ### , #))o..# ,
####.##∩ * #8@).8# ∩
##.#...#######.....#., *
#....................#######
##.#....##.............#.#.##
#.......##.................. #
##.....................#...### #
##.................#......#.###
##.............................#
#................#......(.......


You could see Saint Roka and an orc warrior (strong).

Vanquished Creatures
  A stone giant (Orc:2)
  Snorg (Orc:1)
  An orc high priest (Orc:2)
  Urug (D:11)
  2 unseen horrors
  Pikel (D:7)
  2 orc knights (Orc:1)
  A deep elf mage (D:11)
  3 cyclopes
  3 ugly things
  5 orc sorcerers
  Maurice (D:8)
  Joseph (D:7)
  A gargoyle (D:10)
  A komodo dragon (D:10)
  3 trolls
  7 slime creatures (D:12)
  5 hippogriffs
  3 yaks (D:9)
  A wraith (D:10)
  A steam dragon (D:7)
  2 wargs (Orc:2)
  10 ice beasts
  28 orc warriors
  2 sky beasts
  A phantom (D:3)
  11 ogres
  5 centaurs
  An eye of draining (D:9)
  4 wolves (D:11)
  A lemure (D:7)
  2 big kobolds
  6 bullfrogs
  3 wyvern skeletons
  5 scorpions
  7 killer bees
  17 wights
  2 electric eels (D:11)
  5 howler monkeys
  A centaur zombie (D:6)
  A lava snake (D:10)
  2 bullfrog zombies
  10 hounds
  2 jellies (D:9)
  16 orc wizards
  5 centaur skeletons
  14 orc priests
  4 iguanas
  Jessica (D:3)
  5 worker ants
  A hound zombie (D:7)
  A howler monkey zombie (D:6)
  2 worker ant zombies
  11 adders
  2 shadow imps
  3 white imps
  4 ufetubi
  2 oozes
  An adder skeleton (D:4)
  An adder zombie (D:6)
  4 worms
  2 dart slugs
  6 leopard geckos
  69 orcs
  5 giant cockroaches
  10 goblins
  13 hobgoblins
  7 jackals
  18 kobolds
  6 quokkas
  6 bats
  A frilled lizard (D:3)
  7 rats
400 creatures vanquished.

Vanquished Creatures (others)
  An orc wizard (D:4)
  A withered plant (D:6)
2 creatures vanquished.

Grand Total: 402 creatures vanquished

Notes
Turn   | Place    | Note
-------+----------+-------------------------------------------
     0 | D:1      | Superazbuka the Deep Dwarf Fighter began the quest for the
                  | Orb.
     0 | D:1      | Reached XP level 1. HP: 20/20 MP: 1/1
   121 | D:1      | Reached XP level 2. HP: 22/27 MP: 2/2
   559 | D:2      | Reached XP level 3. HP: 27/34 MP: 3/3
   637 | D:2      | Found a sparkling altar of Nemelex Xobeh.
   638 | D:2      | Found a shimmering altar of Xom.
   908 | D:2      | Reached XP level 4. HP: 23/42 MP: 4/4
   999 | D:2      | Reached skill level 4 in Shields
  1416 | D:3      | Noticed Jessica
  1434 | D:3      | Killed Jessica
  1434 | D:3      | Reached XP level 5. HP: 43/49 MP: 5/5
  1499 | D:3      | Noticed a phantom
  1551 | D:3      | Killed a phantom
  1733 | D:4      | Reached XP level 6. HP: 34/57 MP: 6/6
  1767 | D:4      | Found a runed translucent gate.
  1767 | D:4      | Found a runed translucent gate.
  1767 | D:4      | Found a runed translucent gate.
  1767 | D:4      | Noticed Superazbuka's ghost (amateur DDFi)
  1819 | D:4      | Reached skill level 5 in Armour
  2162 | D:4      | Reached skill level 5 in Shields
  2595 | D:5      | Entered Level 5 of the Dungeon
  2605 | D:5      | Found Nirinije's Distillery.
  2615 | D:5      | Bought a potion of curing for 33 gold pieces
  2615 | D:5      | Bought a potion of might for 44 gold pieces
  2638 | D:5      | Reached XP level 7. HP: 29/64 MP: 7/7
  2889 | D:5      | Reached skill level 5 in Axes
  2912 | D:5      | Found a glowing silver altar of Zin.
  2992 | D:5      | Found a staircase to the Ecumenical Temple.
  3003 | Temple   | Entered the Ecumenical Temple
  3158 | Temple   | Became a worshipper of Makhleb the Destroyer
  3261 | D:5      | Found Saruzip's Gadget Emporium.
  3287 | D:5      | Found Xasto's Book Shop.
  3382 | D:5      | Found Ziop's Antique Armour Boutique.
  3384 | D:5      | Found Pijuewn's Gadget Emporium.
  3397 | D:5      | Bought an encrusted scale mail for 198 gold pieces
  3408 | D:5      | Identified the +7 scale mail of Giats {*Contam MR++ Dex+4
                  | Stlth+} (You bought it in a shop on level 5 of the Dungeon)
  3561 | D:5      | Reached skill level 5 in Fighting
  3561 | D:5      | Reached skill level 6 in Shields
  3561 | D:5      | Reached XP level 8. HP: 41/74 MP: 7/7
  3725 | D:6      | Found a runed translucent door.
  3725 | D:6      | Noticed pk666's ghost (novice DEWz)
  3772 | D:6      | Reached * piety under Makhleb
  3961 | D:6      | Found a radiant altar of Vehumet.
  3964 | D:6      | Found Tatus Morr's Book Emporium.
  3994 | D:6      | Reached skill level 7 in Shields
  4203 | D:6      | Gained mutation: You passively map the area around you.
                  | [Deep Dwarf growth]
  4203 | D:6      | Reached XP level 9. HP: 56/82 MP: 7/7
  4512 | D:7      | Noticed Joseph
  4526 | D:7      | Killed Joseph
  4526 | D:7      | Reached skill level 8 in Shields
  4573 | D:7      | Noticed Pikel
  4587 | D:7      | Killed Pikel
  4664 | D:7      | Reached skill level 9 in Shields
  5163 | D:7      | Reached ** piety under Makhleb
  5237 | D:8      | Reached XP level 10. HP: 75/94 MP: 7/7
  5264 | D:8      | Found an opulent altar of Gozag.
  5294 | D:8      | Found an iron altar of Okawaru.
  5316 | D:8      | Reached skill level 10 in Shields
  5517 | D:8      | Noticed Maurice
  5849 | D:8      | Killed Maurice
  6328 | D:9      | Got a spiked ring mail
  6493 | D:9      | Reached *** piety under Makhleb
  6497 | D:9      | Reached skill level 11 in Shields
  6572 | D:9      | Found Gedyash's Distillery.
  6578 | D:9      | Bought a potion of degeneration for 13 gold pieces
  6581 | D:9      | Found a staircase to the Orcish Mines.
  6759 | D:9      | Found a shadowy altar of Dithmenos.
  6872 | D:10     | Entered Level 10 of the Dungeon
  6877 | D:10     | Noticed a gargoyle
  6886 | D:10     | Killed a gargoyle
  6978 | D:10     | Reached XP level 11. HP: 88/104 MP: 7/7
  7077 | D:10     | Reached skill level 10 in Armour
  7304 | D:10     | Killed an unseen horror
  7304 | D:10     | Reached skill level 12 in Shields
  7464 | D:10     | Reached **** piety under Makhleb
  7959 | D:11     | Reached skill level 10 in Axes
  8030 | D:11     | Noticed a red ugly thing
  8030 | D:11     | Noticed a brown ugly thing
  8058 | D:11     | Killed an unseen horror
  8065 | D:11     | Killed a cyan ugly thing
  8076 | D:11     | Killed a green ugly thing
  8379 | D:11     | Found a staircase to the Lair.
  8406 | D:11     | Reached ***** piety under Makhleb
  8406 | D:11     | Reached skill level 13 in Shields
  8474 | D:11     | Noticed a deep elf mage
  8486 | D:11     | Killed a deep elf mage
  8509 | D:11     | Noticed Urug
  8526 | D:11     | Killed Urug
  8931 | D:12     | Reached XP level 12. HP: 87/115 MP: 6/6
  9354 | D:13     | Noticed a war gargoyle
  9413 | D:13     | Noticed a two-headed ogre
  9520 | Orc:1    | Entered Level 1 of the Orcish Mines
  9735 | Orc:1    | Reached skill level 14 in Shields
  9819 | Orc:1    | Found Muluath's Gadget Emporium.
 10013 | Orc:1    | Found Ymeallir's Antique Weapon Boutique.
 10019 | Orc:1    | Noticed Snorg
 10035 | Orc:1    | Killed Snorg
 10148 | Orc:1    | Found Essill's General Store.
 10156 | Orc:1    | Bought a scroll of identify for 26 gold pieces
 10156 | Orc:1    | Bought a scroll of identify for 26 gold pieces
 10156 | Orc:1    | Bought a scroll of identify for 26 gold pieces
 10156 | Orc:1    | Bought a scroll of identify for 26 gold pieces
 10236 | Orc:2    | Entered Level 2 of the Orcish Mines
 10266 | Orc:1    | Reached skill level 10 in Fighting
 10846 | Orc:2    | Noticed an orc high priest
 10854 | Orc:2    | Killed an orc high priest
 10992 | Orc:2    | Noticed Blork the orc
 10992 | Orc:2    | Noticed Saint Roka
 11158 | Orc:2    | Noticed a stone giant
 11172 | Orc:2    | Killed a stone giant
 11172 | Orc:2    | Reached skill level 15 in Shields
 11192 | Orc:2    | Found a staircase to the Elven Halls.
 11242 | Orc:2    | Slain by Saint Roka

Illustrated notes

Levels and vault maps discovered:
D:1:      dpeg_arrival_stonehenge_12_columns, layout_basic
D:2:      layout_basic, gammafunk_temple_overflow_statue, kennysheep_nondescript
D:3:      layout_rooms, grunt_ministairs_2, minmay_misc_feat_hallway,
          uniq_jessica
D:4:      layout_basic, gammafunk_ghost_necromancy, eino_tiny_chamber,
          hangedman_decor_diamond_cutter
D:5:      layout_rooms, zin_academy, minmay_temple_entry_crystal_x,
          serial_shops, nicolae_shop_stone, kennysheep_mini_moat, shop,
          shop_statue, nicolae_shop_crystal, kennysheep_generic_room_5
D:6:      layout_cave_pools, vehumet_crystals, serial_shops, nicolae_shop_trees,
          gammafunk_ghost_grave, minmay_manual_monstrance
D:7:      layout_loops_cross, uniq_joseph, uniq_pikel
D:8:      layout_basic, nicolae_overflow_crystal_walls, marbit_many_paths,
          grunt_ministairs_2, serial_park_tiny_1, uniq_maurice
D:9:      layout_long_grid, nicolae_dithmenos_shadow_blocks, david_orc_2,
          serial_shops, shop
D:10:     layout_basic, kennysheep_path_1, minmay_between
D:11:     minmay_general_purpose_star, layout_cave_pools, erik_lair_island,
          uniq_urug
D:12:     layout_irregular_city
D:13:     gargoyle_guard, layout_irregular_city, serial_shops,
          nicolae_shop_stone, minmay_guarded_unrand_finisher
Temple:   regret_index_temple_generic_petals
Orc:1:    layout_caves, serial_shops, shop, shop, nicolae_shop_statue_plus,
          uniq_snorg
Orc:2:    grunt_orc_cross, layout_diamond_mine, mines2_lemuel, uniq_donald

Skill      XL: |  1  2  3  4  5  6  7  8  9 10 11 12 |
---------------+-------------------------------------+-----
Fighting       | 3 4 5 6 7 8 9 10 | 10.5
Axes           | 3 4 5 6 8 9 10 12 | 12.0
Armour         | 4 5 6 7 8 9 11 12 | 12.3
Shields        | 4 5 6 7 9 11 13 15 | 15.0

Action                   |  1- 3 |  4- 6 |  7- 9 | 10-12 || total
-------------------------+-------+-------+-------+-------++-------
Melee: War axe           |   106 |   198 |   378 |   900 ||  1582
 Abil: Heal Wounds       |       |     4 |    10 |    14 ||    28
  Use: Scroll            |     1 |     2 |     4 |     6 ||    13
       Potion            |       |       |       |     2 ||     2
 Stab: Distracted        |       |       |     1 |       ||     1
Armor: Scale mail        |    57 |    72 |   154 |   331 ||   614
Dodge: Dodged            |    34 |    42 |   141 |   216 ||   433
Block: Kite shield       |    67 |    91 |   303 |   606 ||  1067

Table legend: (Time is in decaauts)
 A = Elapsed time spent in this place.
 B = Non-inter-level travel time spent in this place.
 C = Inter-level travel time spent in this place.
 D = Time resting spent in this place.
 E = Time spent auto-exploring this place.
 F = Levels seen in this place.
 G = Mean time per level.
                   A        B        C        D        E       F      G
               +--------+--------+--------+--------+--------+-----+--------+
         Total |  11494 |  10945 |    549 |   1378 |   6348 |  16 |  718.4 |
       Dungeon |   9670 |   9179 |    491 |    903 |   5548 |  13 |  743.8 |
        Temple |    209 |    187 |     22 |      0 |    181 |   1 |  209.0 |
  Orcish Mines |   1614 |   1579 |     35 |    475 |    619 |   2 |  807.0 |
               +--------+--------+--------+--------+--------+-----+--------+

Top non-repeatable levels by time:
    D:10: 1120 daAuts
   Orc:1: 1034 daAuts
     D:6: 932 daAuts
     D:4: 914 daAuts
     D:9: 912 daAuts
     D:8: 899 daAuts
    D:11: 805 daAuts
     D:5: 791 daAuts
     D:7: 761 daAuts
    D:12: 712 daAuts
     D:2: 642 daAuts
     D:3: 599 daAuts
   Orc:2: 580 daAuts
     D:1: 559 daAuts
  Temple: 209 daAuts
